 Dungeon Crawl Stone Soup version 0.22-a0-571-g4a923d4 (webtiles) character file.

71 Hebeh the Covered (level 4, -1/40 HPs)
             Began as a Minotaur Fighter on July 1, 2018.
             Slain by Grinder (2 damage)
             ... while paralysed by Grinder
             ... on level 3 of the Dungeon.
             The game lasted 00:02:31 (1817 turns).

Hebeh the Covered (Minotaur Fighter)                Turns: 1817, Time: 00:02:32

Health: -1/40      AC:  7    Str: 22    XL:     4   Next: 5%
Magic:  3/3        EV:  2    Int:  5    God:
Gold:   131        SH:  0    Dex:  9    Spells: 3/3 levels left

rFire    . . .     SeeInvis .   a - +0 war axe
rCold    . . .     Gourm    .   c - +0 shield
rNeg     . . .     Faith    .   b - +0 scale mail
rPois    .         Spirit   .   (helmet restricted)
rElec    .         Reflect  .   (no cloak)
rCorr    .         Harm     .   (no gloves)
MR       .....                  (no boots)
Stlth    ..........             (no amulet)
HPRegen  0.13/turn              (no ring)
MPRegen  0.08/turn              (no ring)

@: paralysed
A: retaliatory headbutt, horns 2
a: no special abilities


You were on level 3 of the Dungeon.
You were not hungry.

You visited 1 branch of the dungeon, and saw 3 of its levels.

You collected 131 gold pieces.

Inventory:

Hand Weapons
 a - a +0 war axe (weapon)
Armour
 b - a +0 scale mail (worn)
 c - a +0 shield (worn)
Scrolls
 e - 3 scrolls of enchant armour {unknown}
 h - a scroll of fog {unknown}
 i - a scroll of blinking {unknown}
 j - 3 scrolls of identify {unknown}
 k - 3 scrolls of random uselessness {unknown}
 l - a scroll of fear {unknown}
 m - a scroll of enchant weapon {unknown}
 n - a scroll of remove curse {unknown}
Potions
 d - a potion of might
Comestibles
 f - 3 rations


   Skills:
 + Level 4.1 Fighting
 * Level 3.9 Axes
 + Level 4.2 Armour
 + Level 4.1 Shields


You had 3 spell levels left.
You didn't know any spells.
Your spell library was empty.

Dungeon Overview and Level Annotations

Branches:
Dungeon (3/15)

Altars:
Ashenzari

Annotations:
D:3 Grinder


Innate Abilities, Weirdness & Mutations

You reflexively headbutt those who attack you in melee.
You have a pair of horns on your head.


Message History

Grinder hits you!
* * * LOW HITPOINT WARNING * * *
You writhe in agony.
* * * LOW HITPOINT WARNING * * *
You slash Grinder!
Grinder is heavily wounded.
Grinder gestures at you.
You barely resist.
Your shield prevents you from hitting Grinder.
Your headbutt misses Grinder.
Grinder is heavily wounded.
You block Grinder's attack. Grinder gestures at you.
You suddenly lose the ability to move!
Grinder gestures at you.
You shrug off the repeated paralysis!
Grinder hits you.
* * * LOW HITPOINT WARNING * * *
You writhe in agony.
You die...

## .. ##. ##..## ##
##..... ..
###.....### .#
..........## .#
#....<..^###.###.##
##.........@5......
....#....).###.###.##
### #.........>...
#...###........ #..##
#.#.##.## #.# #..#
..# ... ..) ... .#.
## ..


You could see Grinder.

Vanquished Creatures
  An adder (D:2)
  4 leopard geckos
  An orc (D:3)
  3 giant cockroaches
  10 goblins
  7 hobgoblins
  4 jackals (D:2)
  A ball python (D:1)
  5 bats
  4 frilled lizards
  7 kobolds (D:1)
  8 rats
55 creatures vanquished.

Notes
Turn   | Place    | Note
-------+----------+-------------------------------------------
     0 | D:1      | Hebeh the Minotaur Fighter began the quest for the Orb.
     0 | D:1      | Reached XP level 1. HP: 19/19 MP: 0/0
   115 | D:1      | Reached XP level 2. HP: 23/27 MP: 1/1
   128 | D:1      | Found a shattered altar of Ashenzari.
   512 | D:1      | Reached XP level 3. HP: 31/33 MP: 2/2
  1475 | D:2      | Reached XP level 4. HP: 40/40 MP: 3/3
  1798 | D:3      | Noticed Grinder
  1807 | D:3      | Paralysed by Grinder for 4 turns
  1815 | D:3      | Paralysed by Grinder for 7 turns
  1817 | D:3      | HP: 1/40 [Grinder (3)]
  1817 | D:3      | Slain by Grinder

Vault maps used:
D:1:      onia_arrival_mini_maze, st_stairs_1, ashenzari_altar_1
D:3:      uniq_grinder, uniq_crazy_yiuf_cottage

Skill      XL: |  1  2  3 |
---------------+----------+-----
Axes           | 3 |  3.9
Armour         | 4 |  4.2
Shields        | 4 |  4.1
Fighting       | 4 |  4.1

Action                   |  1- 3 |  4- 6 || total
-------------------------+-------+-------++-------
Melee: War axe           |   116 |    13 ||   129
       Headbutt          |    10 |     1 ||    11
  Eat: Chunk             |     2 |     1 ||     3
Armor: Scale mail        |    73 |     9 ||    82
Dodge: Dodged            |    45 |     3 ||    48
Block: Shield            |    61 |     8 ||    69

Table legend:
 A = Spawn XP
 B = Non-spawn XP
 C = Spawn XP percentage of total XP
 D = Spawn monster count
 E = Non-spawn monster count
 F = Spawn count percentage of total count
 G = Total turns spent on level
                    A         B        C        D         E        F      G
               +---------+---------+-------+---------+---------+-------+---------
         Total |       0 |     102 |   0.0 |       0 |      55 |   0.0 |  1817
               +---------+---------+-------+---------+---------+-------+---------
           D:1 |       0 |      48 |   0.0 |       0 |      31 |   0.0 |   826
           D:2 |       0 |      49 |   0.0 |       0 |      21 |   0.0 |   963
           D:3 |       0 |       5 |   0.0 |       0 |       3 |   0.0 |    28
               +---------+---------+-------+---------+---------+-------+---------
